 Dungeon Crawl Stone Soup version 0.21.1-1-g345015fe64 (webtiles) character file.

63 Fascinator the Fighter (level 4, -2/45 HPs)
             Began as a Gnoll Wanderer on July 24, 2018.
             Slain by Sigmund
             ... wielding a +2 scythe of freezing
              (4 damage)
             ... on level 2 of the Dungeon.
             The game lasted 00:02:04 (1336 turns).

Fascinator the Fighter (Gnoll Wanderer)             Turns: 1336, Time: 00:02:05

Health: -2/45      AC:  2    Str: 16    XL:     4   Next: 9%
Magic:  6/6        EV: 12    Int: 13    God:
Gold:   47         SH:  0    Dex: 15    Spells: 5/5 levels left

rFire    . . .     SeeInvis .   c - +0 falchion
rCold    . . .     Gourm    .   (no shield)
rNeg     . . .     Faith    .   e - +0 robe
rPois    .         Spirit   .   (no helmet)
rElec    .         Reflect  .   (no cloak)
rCorr    .         Harm     .   (no gloves)
MR       .....                  (no boots)
Stlth    +++.......             (no amulet)
HPRegen  0.15/turn              (no ring)
MPRegen  0.10/turn              (no ring)

@: no status effects
A: distributed training, fangs 1, strong nose
a: no special abilities


You were on level 2 of the Dungeon.
You were hungry.

You visited 1 branch of the dungeon, and saw 2 of its levels.

You collected 47 gold pieces.

Inventory:

Hand Weapons
 a - a +2 dagger
 c - a +0 falchion (weapon)
Armour
 e - a +0 robe (worn)
 l - a +0 pair of gloves
Scrolls
 d - 2 scrolls of teleportation
 g - a scroll of identify {unknown}
 j - a scroll of fear {unknown}
Potions
 h - a potion of berserk rage {unknown}
 i - a potion of agility
 k - a potion of resistance {unknown}
 m - a potion of might {unknown}
Comestibles
 f - 6 rations


   Skills:
 + Level 8.5 Fighting
 + Level 1.0 Short Blades
 + Level 4.6 Long Blades
 + Level 1.0 Axes
 + Level 1.0 Maces & Flails
 + Level 1.0 Polearms
 + Level 2.7 Staves
 + Level 1.0 Slings
 + Level 1.0 Bows
 + Level 1.0 Crossbows
 + Level 1.0 Throwing
 + Level 1.0 Armour
 + Level 1.0 Dodging
 + Level 4.2 Stealth
 + Level 1.0 Shields
 + Level 1.0 Unarmed Combat
 + Level 1.0 Spellcasting
 + Level 0.7 Conjurations
 + Level 0.7 Hexes
 + Level 0.7 Charms
 + Level 0.7 Summonings
 + Level 0.7 Necromancy
 + Level 0.7 Translocations
 + Level 0.7 Transmutations
 + Level 0.7 Fire Magic
 + Level 0.7 Ice Magic
 + Level 0.7 Air Magic
 + Level 0.7 Earth Magic
 + Level 0.7 Poison Magic
 + Level 1.1 Invocations
 + Level 2.7 Evocations


You had 5 spell levels left.
You didn't know any spells.

Dungeon Overview and Level Annotations

Branches:
Dungeon (1/15)

Altars:

Annotations:
D:2 Sigmund


Innate Abilities, Weirdness & Mutations

Your experience applies equally to all skills.
You have very sharp teeth.
Your uncanny sense of smell can sniff out nearby items.


Message History

Sigmund is moderately wounded.
Sigmund hits you with a scythe of freezing!
Sigmund freezes you.
You miss Sigmund.
Sigmund is moderately wounded.
Sigmund gestures wildly while chanting.
Sigmund flickers and vanishes!
Deactivating autopickup; reactivate with Ctrl-A.
You miss something. Something hits you.
* * * LOW HITPOINT WARNING * * *
Something freezes you.
* * * LOW HITPOINT WARNING * * *
You hit something. Something hits you but does no damage.
You barely miss something. Your bite misses something.
You are feeling hungry.
You closely miss something. Something completely misses you.
You hit something but do no damage. You bite something. Something hits you!
* * * LOW HITPOINT WARNING * * *
Something freezes you.
You die...

.#.......... .#
...r.... .#
....... .#
..... .# .....
##.####..
#.{#....# .#
#@##.##.# .#
####....##)###
.#
#....###.....#
###.##
#....#.##
#...).# #.....
#.## ##
#....รท###.....
#.............
#.....###.....
#.....# #.....
#.....# #.....


There were no monsters in sight!

Vanquished Creatures
  3 gnolls (D:2)
  A dart slug (D:1)
  2 leopard geckos (D:1)
  A ball python (D:1)
  2 bats (D:1)
  A giant cockroach (D:1)
  2 goblins
  A hobgoblin (D:1)
  3 jackals (D:1)
  13 frilled lizards
  A kobold (D:1)
  3 rats
33 creatures vanquished.

Notes
Turn   | Place    | Note
-------+----------+-------------------------------------------
     0 | D:1      | Fascinator the Gnoll Wanderer began the quest for the Orb.
     0 | D:1      | Fascinator set off with: a +2 dagger, a potion of heal wounds, a +0 falchion, a scroll of teleportation, a +0 robe, a ration
     0 | D:1      | Reached XP level 1. HP: 26/26 MP: 2/2
   294 | D:1      | Reached XP level 2. HP: 31/33 MP: 3/3
   762 | D:1      | Reached XP level 3. HP: 38/38 MP: 4/4
   983 | D:1      | You fall through a shaft!
  1005 | D:2      | Reached skill level 1 in Invocations
  1016 | D:2      | Reached skill level 1 in Short Blades
  1016 | D:2      | Reached skill level 1 in Axes
  1016 | D:2      | Reached skill level 1 in Maces & Flails
  1016 | D:2      | Reached skill level 1 in Polearms
  1016 | D:2      | Reached skill level 1 in Slings
  1016 | D:2      | Reached skill level 1 in Bows
  1016 | D:2      | Reached skill level 1 in Crossbows
  1016 | D:2      | Reached skill level 1 in Throwing
  1016 | D:2      | Reached skill level 1 in Armour
  1016 | D:2      | Reached skill level 1 in Dodging
  1016 | D:2      | Reached skill level 1 in Shields
  1016 | D:2      | Reached skill level 1 in Unarmed Combat
  1016 | D:2      | Reached skill level 1 in Spellcasting
  1016 | D:2      | Reached XP level 4. HP: 3/45 MP: 4/6
  1318 | D:2      | Noticed Sigmund
  1336 | D:2      | HP: 2/45 [something (9)]
  1336 | D:2      | Slain by Sigmund

Skill      XL: |  1  2  3 |
---------------+----------+-----
Invocations    | 1 |  1.1
Short Blades   | 1 |  1.0
Axes           | 1 |  1.0
Maces & Flails | 1 |  1.0
Polearms       | 1 |  1.0
Slings         | 1 |  1.0
Bows           | 1 |  1.0
Crossbows      | 1 |  1.0
Throwing       | 1 |  1.0
Armour         | 1 |  1.0
Dodging        | 1 |  1.0
Shields        | 1 |  1.0
Unarmed Combat | 1 |  1.0
Spellcasting   | 1 |  1.0
Fighting       | |  8.5
Long Blades    | |  4.6
Staves         | |  2.7
Stealth        | |  4.2
Conjurations   | |  0.7
Hexes          | |  0.7
Charms         | |  0.7
Summonings     | |  0.7
Necromancy     | |  0.7
Translocations | |  0.7
Transmutations | |  0.7
Fire Magic     | |  0.7
Ice Magic      | |  0.7
Air Magic      | |  0.7
Earth Magic    | |  0.7
Poison Magic   | |  0.7
Evocations     | |  2.7

Action                   |  1- 3 |  4- 6 || total
-------------------------+-------+-------++-------
Melee: Falchion          |    90 |    22 ||   112
       Bite              |     4 |     4 ||     8
  Use: Potion            |       |     1 ||     1
 Stab: Sleeping          |     6 |       ||     6
  Eat: Chunk             |       |     1 ||     1
Armor: Robe              |    15 |       ||    15
Dodge: Dodged            |    47 |     7 ||    54
       Rpst.: Falchion   |    15 |       ||    15
